 Dungeon Crawl Stone Soup version 0.21-a0-81-gc5150db (webtiles) character file.

1222 HAL9000 the Slicer (level 8, -6/38 HPs)
             Began as a Vine Stalker Assassin on June 23, 2017.
             Was a Follower of Dithmenos.
             Mangled by a wolf spider zombie (14 damage)
             ... on level 8 of the Dungeon.
             The game lasted 00:14:34 (6115 turns).

HAL9000 the Slicer (Vine Stalker Assassin)          Turns: 6115, Time: 00:14:35

Health: -6/38      AC:  5    Str: 16    XL:     8   Next: 47%
Magic:  0/9        EV: 12    Int: 11    God:    Dithmenos [*.....]
Gold:   412        SH:  6    Dex: 22    Spells: 7/7 levels left

rFire    . . .     SeeInvis .   a - +2 dagger
rCold    + . .     Gourm    .   q - +0 buckler
rNeg     . . .     Faith    .   I - +0 robe {rF+}
rPois    .         Spirit   +   H - +0 helmet
rElec    .         Reflect  .   d - +0 cloak
rCorr    .         Harm     .   s - +0 pair of gloves
MR       +....                  (no boots)
Stlth    ++++......             (no amulet)
HPRegen  0.52/turn              D - +6 ring of dexterity
MPRegen  0.11/turn              L - ring of ice

@: wreathed by umbra
A: fangs 3, regeneration 1, magic shield, antimagic bite, no potion heal 3, rot
immunity
a: Renounce Religion


You were on level 8 of the Dungeon.
You worshipped Dithmenos.
Dithmenos was aware of your devotion.
You were not hungry.

You visited 2 branches of the dungeon, and saw 9 of its levels.

You collected 412 gold pieces.

Inventory:

Hand Weapons
 a - a +2 dagger (weapon)
 b - a +0 blowgun
Missiles
 e - 42 poisoned needles
 f - 2 curare-tipped needles
 Q - 2 javelins (quivered)
Armour
 d - a +0 cloak (worn)
 q - a +0 buckler (worn)
 s - a +0 pair of gloves (worn)
 H - a +0 helmet (worn)
 I - a +0 robe of fire resistance (worn)
 P - a +0 shield
Jewellery
 D - a +6 ring of dexterity (left hand)
 L - a ring of ice (right hand)
Scrolls
 i - a scroll of random uselessness {unknown}
 k - 3 scrolls of remove curse
 n - 3 scrolls of teleportation
 r - 2 scrolls of fog {unknown}
 C - 2 scrolls of magic mapping
 F - a scroll of blinking {unknown}
 J - a scroll of enchant armour {unknown}
 K - a scroll of amnesia {unknown}
 N - a scroll of acquirement {unknown}
Potions
 m - 5 potions of curing
 p - 2 potions of ambrosia {unknown}
 u - 3 potions of agility {unknown}
 x - 2 potions of berserk rage
 z - a potion of might
 A - a potion of flight
 G - 2 potions of brilliance {unknown}
Comestibles
 g - 4 bread rations
 h - 3 meat rations
 t - 4 fruits
 v - a royal jelly
 R - 4 chunks of flesh


   Skills:
 - Level 1.7 Fighting
 + Level 8.2 Short Blades
 - Level 1.7 Throwing
 - Level 0.7 Dodging
 - Level 4.8 Stealth
 - Level 4.0 Shields


You had 7 spell levels left.
You didn't know any spells.

Dungeon Overview and Level Annotations

Branches:
Dungeon (8/15)             Temple (1/1) D:4
   Lair: D:8-11

Altars:
Ashenzari
Cheibriados
Dithmenos
Elyvilon
Fedhas
Gozag
Hepliaklqana
Kikubaaqudgha
Makhleb
Nemelex Xobeh
Okawaru
Qazlal
Ru
Sif Muna
Trog
Uskayaw
Vehumet
Wu Jian
Xom
Yredelemnul
Zin
The Shining One

Annotations:
D:7 4 runed doors
D:8 prestonbroadus's ghost, novice HaCj


Innate Abilities, Weirdness & Mutations

You have razor-sharp teeth.
Your natural rate of healing is unusually fast.
When hurt, damage is shared between your health and your magic reserves.
Your bite disrupts and absorbs the magic of your enemies.
Potions cannot restore your health.
You are immune to rotting.


Message History

You hit the wolf spider zombie.
Your bite misses the wolf spider zombie.
The wolf spider zombie is lightly damaged.
The wolf spider zombie barely misses you.
The wolf spider zombie closely misses you.
You hit the wolf spider zombie.
The wolf spider zombie is lightly damaged.
The wolf spider zombie hits you!
The wolf spider zombie closely misses you.
You barely miss the wolf spider zombie. You bite the wolf spider zombie!
You drain its power.
You feel invigorated.
The wolf spider zombie is moderately damaged.
The sentinel's mark upon you fades away.
The wolf spider zombie hits you!
* * * LOW HITPOINT WARNING * * *
The wolf spider zombie bites you but does no damage.
Things that are here:
an uncursed shortbow; 13 arrows The wolf spider zombie hits you!!
You die...

.......##.....#.#.#.#
.##....##.....#.#.#.#
.....>.##.....#.#.#.#
.##..#.####'#.#.#.#.# '##..#.#
#.#.#.#<#.# .....#.#
#.#.#.###.# .....#.#
#.#.#.....#
.....#.####(#.##########******
.....#......(W)Z@.......,,,,,*
.....######.#.##########***,**
............#...,,,,,,,,,,*,*
##..#############********,*,*
#.....#..,,,,,,,,,,,,,,,,*,*
#.###.#.#*****************,*
#.#...#Z# *,* #.#..<#.#####
*,* #.#..##.....# *,*


You could see prestonbroadus's ghost and a wolf spider zombie.

Vanquished Creatures
  2 ogres
  2 centaurs
  A big kobold (D:7)
  A bullfrog (D:4)
  2 scorpions
  3 crimson imps (D:7)
  A jelly (D:7)
  An orc priest (D:7)
  A hound (D:7)
  Jessica (D:2)
  A centaur skeleton (D:7)
  Natasha (D:2)
  5 orc wizards
  2 worker ants
  9 adders
  2 shadow imps (D:5)
  An adder zombie (D:6)
  2 worms (D:3)
  2 dart slugs (D:1)
  6 leopard geckos
  9 orcs
  A ball python (D:1)
  8 giant cockroaches
  5 goblins
  7 hobgoblins
  6 jackals
  3 quokkas
  8 bats
  4 frilled lizards
  16 kobolds
  A quokka skeleton (D:4)
  5 rats
119 creatures vanquished.

Notes
Turn   | Place    | Note
-------+----------+-------------------------------------------
     0 | D:1      | HAL9000 the Vine Stalker Assassin began the quest for the Orb.
     0 | D:1      | Reached XP level 1. HP: 11/11 MP: 2/2
     9 | D:1      | Reached skill level 2 in Short Blades
    60 | D:1      | Reached XP level 2. HP: 15/15 MP: 3/3
   214 | D:1      | Reached skill level 3 in Short Blades
   304 | D:1      | Reached XP level 3. HP: 17/18 MP: 4/4
   673 | D:2      | Noticed Jessica
   677 | D:2      | Killed Jessica
   677 | D:2      | Reached skill level 1 in Shields
   677 | D:2      | Gained mutation: Your natural rate of healing is unusually fast. [Vine Stalker growth]
   677 | D:2      | Reached XP level 4. HP: 23/23 MP: 5/5
   966 | D:2      | Found a stormy altar of Qazlal.
  1011 | D:2      | Noticed Natasha
  1029 | D:2      | Killed Natasha
  1380 | D:3      | Reached XP level 5. HP: 26/26 MP: 6/6
  1405 | D:3      | Reached skill level 4 in Short Blades
  2475 | D:3      | Reached XP level 6. HP: 19/30 MP: 7/7
  2763 | D:4      | Found a staircase to the Ecumenical Temple.
  2820 | D:4      | Reached skill level 5 in Short Blades
  2933 | D:4      | Reached XP level 7. HP: 27/34 MP: 8/8
  3404 | D:5      | Entered Level 5 of the Dungeon
  3443 | Temple   | Entered the Ecumenical Temple
  3491 | Temple   | Became a worshipper of Dithmenos the Shadowed
  5108 | D:7      | Reached skill level 6 in Short Blades
  5467 | D:7      | Reached * piety under Dithmenos
  5491 | D:7      | Reached skill level 7 in Short Blades
  5491 | D:7      | Gained mutation: You have razor-sharp teeth. [Vine Stalker growth]
  5491 | D:7      | Reached XP level 8. HP: 15/38 MP: 7/9
  5595 | D:7      | Found a huge runed gate.
  5596 | D:7      | Found a huge runed gate.
  5596 | D:7      | Noticed a polar bear
  5596 | D:7      | Noticed a yak
  5597 | D:7      | Noticed a hippogriff
  5597 | D:7      | Found a huge runed gate.
  5597 | D:7      | Noticed a dream sheep
  5598 | D:7      | Found a huge runed gate.
  5598 | D:7      | Noticed a hippogriff
  5598 | D:7      | Noticed a hippogriff
  5599 | D:7      | Noticed a hippogriff
  5600 | D:7      | Noticed a yak
  6022 | D:8      | Noticed prestonbroadus's ghost (novice HaCj)
  6096 | D:8      | Reached skill level 8 in Short Blades
  6115 | D:8      | Mangled by a wolf spider zombie

Vault maps used:
D:1:      grunt_arrival_crossed_arrows
D:2:      nicolae_qazlal_eye_of_the_storm, uniq_natasha, uniq_jessica
D:3:      first_bread
D:4:      temple_doors_e
D:7:      lemuel_bear_cage
D:8:      minmay_statue_hallways
Temple:   grunt_wide_crystal_templ

Skill      XL: |  1  2  3  4  5  6  7  8 |
---------------+-------------------------+-----
Short Blades   | 2 3 4 5 7 8 |  8.2
Shields        | 1 2 3 4 |  4.0
Fighting       | |  1.7
Throwing       | |  1.7
Dodging        | |  0.7
Stealth        | |  4.8

Action                   |  1- 3 |  4- 6 |  7- 9 || total
-------------------------+-------+-------+-------++-------
Melee: Dagger            |    77 |   160 |   180 ||   417
       Bite              |    16 |    45 |    61 ||   122
  Use: Scroll            |       |       |     8 ||     8
 Stab: Sleeping          |     8 |     7 |    10 ||    25
       Distracted        |       |       |     1 ||     1
  Eat: Chunk             |       |     6 |    10 ||    16
Armor: Robe              |    22 |    20 |    23 ||    65
Dodge: Dodged            |    46 |    71 |    60 ||   177
Block: Buckler           |       |    22 |    31 ||    53
